 Dungeon Crawl Stone Soup version 0.18.1-50-g88ac8fd (webtiles) character file.

366 go0n the Insei (level 6, -1/43 HPs)
             Began as an Octopode Monk on Sept 22, 2016.
             Succumbed to a water moccasin's poison
             ... on level 3 of the Dungeon.
             The game lasted 00:06:29 (2329 turns).

go0n the Insei (Octopode Monk)                      Turns: 2329, Time: 00:06:30

Health: -1/43      AC:  1    Str: 12    XL:     6   Next: 68%
Magic:  6/6        EV: 20    Int: 14    God:
Gold:   122        SH:  0    Dex: 20    Spells: 0 memorised, 5 levels left

rFire  + . .     SeeInvis .       - Unarmed
rCold  . . .     Gourm    .     (no shield)
rNeg   + + .     Faith    .     (helmet restricted)
rPois  .         Spirit   .     h - amulet of rage
rElec  .         Dismiss  .     b - ring of positive energy
rCorr  .         Reflect  .     d - ring of protection from fire
SustAt .         Harm     .     e - ring of positive energy
MR     .....                    (no ring)
Stlth  +++++.....               (no ring)
                                (no ring)
                                (no ring)
                                (no ring)

@: agile, lethally poisoned (-1 -> -16), not resistant to hostile enchantments,
quite stealthy
A: almost no armour, amphibious, 8 rings, constrict 8, camouflage 1, clever 1,
gelatinous body 1
a: Evoke Berserk Rage


You were on level 3 of the Dungeon.
You were not hungry.

You visited 1 branch of the dungeon, and saw 3 of its levels.

You collected 122 gold pieces.

Inventory:

Jewellery
 b - a ring of positive energy (left tentacle)
 d - a ring of protection from fire (right tentacle)
 e - a ring of positive energy (on tentacle)
 h - an amulet of rage (around mantle)
Scrolls
 c - 2 scrolls of recharging
 k - 2 scrolls of enchant weapon
 l - a scroll of remove curse
Comestibles
 a - 2 bread rations
 f - 6 fruits
 g - 2 meat rations


   Skills:
 + Level 3.7 Fighting
 + Level 4.2 Dodging
 - Level 2.8 Stealth
 * Level 6.7 Unarmed Combat


You had 5 spell levels left.
You didn't know any spells.

Dungeon Overview and Level Annotations

Branches:
Dungeon (3/15)

Altars:
Qazlal


Innate Abilities, Weirdness & Mutations

You cannot wear most types of armour.
You are amphibious.
You can wear up to eight rings at the same time.
You can use your tentacles to constrict eight enemies at once.
Your skin changes colour to match your surroundings (Stealth).
Your rubbery body absorbs attacks (AC +1).
Your mind is acute. (Int +2)


Message History

You feel sick.
* * * LOW HITPOINT WARNING * * *
You feel sick.
There is an open door here.
Read which item? (? for menu, Esc to quit)
As you read the scroll labeled HERREM OZO, it crumbles to dust.
You experience a momentary feeling of inescapable doom!
It was a scroll of random uselessness.
* * * LOW HITPOINT WARNING * * *
You feel sick.
Read which item? (? for menu, Esc to quit)
As you read the scroll labeled TIPTOV GUVE, it crumbles to dust.
You feel aware of your surroundings.
It was a scroll of magic mapping.
* * * LOW HITPOINT WARNING * * *
You feel sick.
Put on which piece of jewellery? (? for menu, Esc to quit)
e - a ring of positive energy (on tentacle)
There is a lethal amount of poison in your body!
Eat which item? (? for menu, Esc to quit)
You die...

# *#### # ######## *...#
###......########...#****
'.'†.....'......@..>+,,,*
###......########...#****
# ###'#'## *##.# # #.#.#
*,# # #.#.# ****+***
#####+#+#### *,,,,,,*
...........# *,,,,,,*
...........# *,,,,,,*
...........# ****+***


There were no monsters in sight!

Vanquished Creatures
  A water moccasin (D:3)
  An ogre (D:3)
  A centaur zombie (D:3)
  A worker ant (D:3)
  5 adders
  3 oozes (D:1)
  An adder skeleton (D:3)
  A dart slug (D:2)
  A giant gecko (D:3)
  3 giant cockroaches
  6 goblins
  4 hobgoblins
  8 jackals
  A quokka (D:3)
  A ball python (D:2)
  7 bats
  A giant gecko zombie (D:3)
  3 giant newts
  2 kobolds (D:1)
  8 rats
59 creatures vanquished.

Notes
Turn   | Place    | Note
--------------------------------------------------------------
     0 | D:1      | go0n the Octopode Monk began the quest for the Orb.
     0 | D:1      | Reached XP level 1. HP: 16/16 MP: 1/1
   117 | D:1      | Reached XP level 2. HP: 21/21 MP: 2/2
   311 | D:1      | Reached XP level 3. HP: 25/26 MP: 3/3
   770 | D:2      | Found a stormy altar of Qazlal.
  1054 | D:2      | Reached skill level 5 in Unarmed Combat
  1232 | D:2      | Gained mutation: Your mind is acute. (Int +2) [potion of beneficial mutation]
  1375 | D:2      | Reached XP level 4. HP: 31/31 MP: 4/4
  1644 | D:3      | Noticed an ogre
  1654 | D:3      | Killed an ogre
  1654 | D:3      | Reached XP level 5. HP: 9/36 MP: 5/5
  2003 | D:3      | Reached skill level 6 in Unarmed Combat
  2234 | D:3      | Reached XP level 6. HP: 41/42 MP: 6/6
  2316 | D:3      | Noticed a water moccasin
  2323 | D:3      | Killed a water moccasin
  2327 | D:3      | HP: 1/43 [poisoned by a water moccasin]
  2329 | D:3      | Succumbed to a water moccasin's poison

Skill      XL: |  1  2  3  4  5  6 |
---------------+-------------------+-----
Unarmed Combat | 5 6 |  6.7
Dodging        | 4 |  4.2
Fighting       | |  3.7
Stealth        | |  2.8

Action                   |  1- 3 |  4- 6 || total
-------------------------+-------+-------++-------
Melee: Unarmed           |    67 |    70 ||   137
       Constrict         |    15 |    12 ||    27
       Tentacles         |    10 |    15 ||    25
       Punch             |       |     1 ||     1
  Use: Scroll            |     7 |     2 ||     9
       Potion            |     2 |     1 ||     3
 Stab: Sleeping          |    10 |     2 ||    12
  Eat: Fruit             |     1 |     1 ||     2
       Chunk             |       |     1 ||     1
       Bread ration      |       |     1 ||     1
Armor: Skin              |     6 |     5 ||    11
Dodge: Dodged            |    30 |    46 ||    76
